Frizzbo, chaotic female sylph Rogue ----- ------------- ---------- |...|########################-...........| |........| #....|# |...........| |.....<...#####-.---# ##############+...........| ---.---+--######################## |..d........| # #### # ------.------ #..)'E.......| ### # |`.........`| ###------------- # # |.....`.....| # # # |...-----...-## ----.------- ### |...|.{.|...| |..........+### #------ |..`|{.{|`..| |..........| # #|....| |...|.{.|...| |........>..######|....| |...-.---...| |..........| ##|.....######|.....`.....| |.....`...^.######.....| #-`.........`| ------------ |....| ------------- ------ Frizzbo the Rogue Experience level: 7 Strength: 13 Dexterity: 16 Constitution: 16 Intelligence: 10 Wisdom: 10 Charisma: 11 Health: 0(60) Energy: 38(38) Def: 0 Gold: 0 Moves: 3755 Dungeon seed: O988g5_lm9ix7gRv Game ID: Frizzbo_1467222796 Your Inventory: Weapons a - a blessed +0 short sword (alternate weapon; not wielded) b - 2 uncursed +0 daggers (in quiver) w - an uncursed +0 dagger (weapon in hand) Armor e - an uncursed +1 leather armor Comestibles B - an uncursed eucalyptus leaf Wands h - an uncursed wand of opening (0:3) I - an uncursed wand of death (0:3) Tools d - an uncursed lock pick f - an uncursed sack g - an uncursed blindfold Gems n - 2 uncursed worthless pieces of white glass q - an uncursed worthless piece of yellow glass Contents of the sack: 118 gold pieces an uncursed scroll of confuse monster an uncursed scroll of destroy armor 3 uncursed scrolls of enchant weapon 2 uncursed scrolls of fire an uncursed scroll of magic mapping 2 uncursed scrolls of punishment an uncursed scroll of scare monster an uncursed scroll of teleportation an uncursed spellbook of charm monster an uncursed spellbook of dig an uncursed spellbook of slow monster an uncursed potion of gain energy an uncursed potion of healing an uncursed potion of levitation an uncursed potion of oil an uncursed potion of see invisible an uncursed potion of sickness an uncursed potion of sleeping Spells and supernatural/magical abilities: Name Level Category Fail Memory W - pray for help -- divine ? -- Your skills at the end: Miscellaneous Skills wands [Basic] Weapon Skills dagger [Basic] short sword [Basic] Spellcasting Skills healing spells [Basic] Final Attributes: You were piously aligned. You saw invisible. You had infravision. You were stealthy. You were held by a rope golem. You were protected from shape changers. You are dead. Vanquished creatures: a lizard a rock piercer an elf zombie 3 floating eyes a kobold lord a wererat a werejackal a coyote a gas spore a hobbit a large kobold 3 geckos a hobgoblin 4 giant rats 3 cave spiders 2 brown molds 2 green molds a red mold 13 jackals 2 foxes a kobold 5 newts 2 goblins 2 sewer rats 9 grid bugs a bat 3 lichens 67 creatures vanquished. Voluntary challenges: You were vegetarian. You had did not eat until turn 3185. You had followed a strict vegan diet until turn 3654. You did not adorn yourself with jewelry or accessories. You used a wielded weapon 17 times, starting on turn 38. You did not apply a unicorn horn. You read items or engraved 10 times, starting on turn 1602. You never genocided any monsters. You never polymorphed an object. You never changed form. You used no wishes. You never split a pudding. You never wrote Elbereth's name. You never violated your personal moral code. Dungeon overview: The Dungeons of Doom: levels 1 to 5 Level 1 a fountain a long staircase Level 2 a scroll shop Level 3 a fountain a long staircase Level 4 an altar to Kos Level 5 <- You were here many fountains History has recorded: On T:1 you entered the Dungeons of Doom to retrieve the Amulet of Yendor! On T:340 you reached level 2 of The Dungeons of Doom. On T:1064 you advanced to experience level 2. On T:1682 you advanced to experience level 3. On T:2003 you reached level 3 of The Dungeons of Doom. On T:2244 you advanced to experience level 4. On T:2451 you reached level 4 of The Dungeons of Doom. On T:3286 you reached level 5 of The Dungeons of Doom. On T:3351 you advanced to experience level 5. On T:3560 you advanced to experience level 6. On T:3561 you received advice from The Oracle. On T:3561 you advanced to experience level 7. Score breakdown: Gold: 118 ( 11 points) Experience: 7 levels ( 600 points) Exploration: 5 levels ( 120 points) Discoveries: 9 items ( 450 points) Variety of kills: 27 monsters ( 1350 points) Major goal: (nothing yet) ( 0 points) Survival: died (score multiplied by 3) Total score: 7593 Latest messages: The rope golem claws you! (2x) You are being choked. God bites the lizard. The lizard is killed! God eats a lizard corpse. You cannot escape from the rope golem! The rope golem claws you! (2x) You are being choked. God bites the rope golem. The rope golem claws God. (2x) The rope golem hits God. The rope golem seem unaffected. The death ray hits the rope golem. You throw 2 daggers. The 1st dagger hits the rope golem. The 2nd dagger hits the rope golem. The rope golem claws you! (2x) You die... Final status: Goodbye Frizzbo the Rogue, killed by a rope golem... You died in The Dungeons of Doom on dungeon level 5 with 7593 points, and 118 pieces of gold, after 3755 moves. You were level 7 with a maximum of 60 hit points when you died.